Map: Eternal Empire LE

Players

Serral - Winner!

  • Race: Zerg Zerg
  • Spawn Location: 7:00

TIME (Oliveira)

  • Race: Terran Terran
  • Spawn Location: 1:00

Event: DreamHack SC2 Masters 2020 Fall

VOD

Have the link to the VOD?

Description

Time

  • Played on: Sept. 18, 2020, 9:59 a.m.
  • Length: 22:09

All games in this series

Show
View Real Time Build Order
Export as new Build Order

Serral Zerg - Winner!

Build Orders: Hatch First, Muta Ling Bane 

Get SALT Encoding   

  12  0:00  Drone  
  13  0:12  Overlord  
  13  0:17  Drone  
  14  0:30  Drone x2  
  16  0:48  Hatchery  
  15  0:51  Drone  
  15  0:55  Drone  
  17  0:59  Drone  
  18  1:09  Extractor  
  17  1:15  Spawning Pool  
  16  1:18  Drone  
  16  1:22  Drone  
  18  1:28  Drone  
  19  1:38  Drone  
  20  1:49  Overlord  
  20  2:02  Queen x2  
  20  2:03  Zergling x4  
  26  2:10  Drone  
  26  2:11  Drone  
  26  2:15  Metabolic Boost  
  28  2:22  Drone x2  
  30  2:37  Overlord, Queen  
  30  2:41  Drone  
  33  2:44  Drone  
  33  2:46  Drone  
  35  2:54  Drone  
  35  2:58  Pneumatized Carapace  
  36  2:59  Drone  
  37  3:08  Drone x2  
  39  3:14  Hatchery  
  39  3:17  Overlord  
  39  3:20  Drone  
  39  3:21  Drone  
  39  3:24  Drone  
  39  3:25  Drone  
  42  3:30  Queen  
  44  3:40  Drone  
  44  3:41  Queen, Drone  
  46  3:44  Overlord  
  46  3:47  Zergling x4  
  50  3:48  Drone  
  50  3:51  Zergling x2  
  52  3:56  Overlord  
  52  4:03  Drone  
  52  4:04  Drone x3  
  52  4:09  Drone  
  57  4:15  Drone  
  57  4:16  Drone  
  59  4:17  Queen  
  59  4:21  Overlord  
  59  4:23  Lair  
  61  4:24  Zergling x2  
  61  4:25  Drone x3  
  61  4:29  Drone x2  
  67  4:33  Zergling x2  
  67  4:34  Queen  
  67  4:37  Spore Crawler  
  69  4:40  Spore Crawler  
  69  4:42  Drone x3  
  71  4:46  Baneling Nest  
  71  4:47  Extractor  
  71  4:48  Drone, Extractor  
  71  4:51  Drone x2  
  71  4:54  Overlord  
  71  4:56  Drone x3  
  71  4:59  Drone x3  
  78  5:03  Drone x3  
  78  5:05  Drone  
  82  5:13  Hatchery  
  80  5:17  Queen  
  80  5:19  Drone  
  81  5:22  Drone  
  81  5:28  Drone x3  
  81  5:31  Evolution Chamber  
  81  5:32  Evolution Chamber  
  81  5:33  Centrifical Hooks  
  81  5:34  Drone x3  
  84  5:36  Drone  
  84  5:40  Overlord  
  84  5:42  Overseer  
  85  5:43  Drone x2  
  85  5:45  Extractor x2  
  85  5:46  Drone x2, Extractor  
  86  5:50  Overlord  
  86  5:52  Zergling x6  
  86  5:55  Zergling x2  
  90  5:59  Overlord  
  90  6:05  Zerg Melee Weapons Level 1, Zerg Ground Armor Level 1  
  90  6:08  Drone x2  
  90  6:10  Drone x5  
  90  6:11  Baneling x4  
  97  6:15  Drone  
  97  6:18  Overlord  
  98  6:20  Drone x2  
  100  6:25  Spire  
  100  6:28  Zergling x10, Drone  
  100  6:29  Zergling x2  
  106  6:35  Overlord  
  106  6:36  Zergling x10  
  111  6:40  Baneling x8  
  111  6:44  Zergling x6  
  114  6:48  Zergling x2  
  114  6:49  Zergling x2  
  114  6:52  Baneling x5  
  114  6:53  Baneling x4  
  116  6:55  Zergling x8  
  116  6:58  Zergling x10  
  125  7:05  Overlord  
  125  7:06  Baneling x3  
  125  7:07  Baneling x5  
  125  7:08  Zergling x8  
  129  7:14  Unknown  
  129  7:18  Zergling x10  
  134  7:25  Baneling x5  
  134  7:27  Zergling x2  
  134  7:28  Zergling x12  
  123  7:38  Zergling x16  
  125  7:45  Baneling x2  
  125  7:47  Zerg Flyer Weapons Level 1  
  125  7:51  Mutalisk x5  
  125  7:53  Overlord x2  
  125  7:55  Mutalisk  
  125  7:58  Drone  
  138  7:59  Zergling x2  
  138  8:04  Zerg Ground Armor Level 2  
  138  8:05  Overlord  
  139  8:10  Zergling x12  
  143  8:16  Mutalisk  
  143  8:17  Mutalisk x2  
  149  8:21  Hatchery  
  149  8:23  Drone x6  
  154  8:27  Zerg Melee Weapons Level 2  
  154  8:33  Mutalisk x2  
  158  8:37  Overlord x4  
  156  8:45  Zergling x16  
  164  8:50  Baneling x5  
  164  8:51  Infestation Pit  
  164  8:55  Mutalisk x2  
  163  8:57  Overseer  
  163  9:00  Overlord  
  165  9:03  Drone  
  165  9:04  Drone x7  
  165  9:07  Mutalisk x2  
  177  9:15  Mutalisk x2  
  181  9:17  Overlord  
  181  9:23  Overlord  
  181  9:25  Mutalisk x2  
  181  9:28  Burrow  
  181  9:29  Zergling x18  
  194  9:33  Spore Crawler  
  194  9:34  Spine Crawler  
  194  9:37  Hive  
  192  9:46  Zerg Flyer Weapons Level 2  
  192  9:52  Mutalisk x2  
  196  9:55  Drone x2  
  196  9:58  Hatchery, Spine Crawler, Spore Crawler  
  192  10:03  Baneling x10  
  192  10:06  Zergling x8  
  191  10:07  Overseer  
  191  10:21  Hatchery, Drone x10  
  193  10:27  Baneling x8  
  193  10:28  Baneling x8  
  190  10:43  Zergling x20  
  189  10:52  Baneling x12  
  189  10:53  Zergling x24  
  198  11:01  Zergling x6  
  198  11:02  Zergling x16  
  198  11:10  Baneling  
  198  11:11  Baneling x19  
  192  11:13  Zergling x18  
  192  11:18  Zergling x8  
  179  11:30  Zergling x2  
  179  11:31  Zergling x24  
  169  11:38  Mutalisk  
  156  11:42  Baneling x21  
  156  11:43  Zergling x2  
  157  11:47  Zergling x2  
  157  11:48  Zergling x6  
  150  11:55  Zergling x14  
  151  12:03  Mutalisk x3  
  151  12:06  Zergling x14  
  156  12:17  Zergling x16  
  156  12:19  Baneling x3  
  163  12:23  Hatchery  
  162  12:30  Drone x2  
  162  12:31  Zerg Ground Armor Level 3  
  162  12:35  Drone  
  162  12:36  Drone x2, Extractor  
  165  12:37  Zerg Melee Weapons Level 3  
  165  12:41  Zergling x18  
  174  12:44  Zergling x2  
  174  12:45  Zergling x6  
  174  12:49  Adrenal Glands  
  174  12:51  Baneling x2, Extractor  
  177  12:58  Mutalisk  
  173  13:04  Drone x3  
  173  13:05  Mutalisk  
  178  13:09  Spore Crawler  
  178  13:10  Unknown, Spine Crawler  
  177  13:14  Zergling x40  
  177  13:16  Baneling x5  
  177  13:17  Baneling x5  
  197  13:21  Baneling  
  197  13:22  Baneling x2  
  195  13:35  Baneling  
  195  13:36  Baneling x5  
  195  13:42  Zergling x10  
  195  13:44  Baneling x6  
  195  13:45  Overseer  
  195  13:46  Baneling x5  
  199  14:07  Baneling  
  199  14:08  Ultralisk Cavern, Baneling x9  
  197  14:14  Drone x2  
  197  14:15  Baneling x8  
  192  14:40  Hatchery  
  192  14:41  Zergling x14  
  192  14:42  Zergling x24  
  192  14:43  Baneling x14  
  193  14:50  Zergling x48  
  172  15:01  Hatchery  
  172  15:05  Chitinous Plating, Baneling x6  
  158  15:10  Zergling x14  
  158  15:11  Zergling x6  
  164  15:16  Baneling x2  
  164  15:20  Drone  
  165  15:22  Ultralisk  
  165  15:26  Baneling x3  
  171  15:33  Ultralisk  
  156  15:56  Drone  
  157  15:58  Drone x3  
  157  16:00  Unknown  
  157  16:01  Drone x5  
  157  16:04  Drone x4  
  165  16:09  Hatchery  
  167  16:12  Ultralisk  
  173  16:22  Ultralisk  
  173  16:24  Anabolic Synthesis  
  179  16:28  Ultralisk  
  185  16:43  Hatchery  
  185  16:45  Zerg Flyer Armor Level 1  
  185  16:46  Drone x2  
  186  16:47  Drone  
  186  16:48  Drone  
  186  16:49  Ultralisk  
  186  16:53  Baneling  
  186  16:54  Baneling x12  
  192  16:59  Zergling x10  
  192  17:00  Zergling x2  
  180  17:16  Baneling x2  
  180  17:20  Mutalisk x6  
  187  17:24  Zergling x2  
  187  17:25  Zergling x12  
  187  17:29  Drone  
  194  17:32  Unknown  
  193  17:38  Drone x3  
  193  17:42  Zergling x2  
  193  17:43  Zergling x10  
  200  17:45  Overseer  
  200  17:47  Baneling  
  200  17:48  Overseer, Baneling x3  
  200  17:49  Baneling x4  
  199  18:01  Baneling x3  
  199  18:03  Baneling x4  
  199  18:04  Baneling x3  
  170  18:15  Zergling x24, Ultralisk x3  
  198  18:21  Baneling x2  
  198  18:27  Baneling  
  198  18:32  Zergling x2  
  199  18:39  Baneling x4  
  199  18:40  Baneling x15  
  199  18:41  Hatchery  
  196  18:50  Zergling x6  
  198  19:15  Zergling x6  
  194  19:35  Zergling x10  
  199  19:43  Zergling x14  
  196  19:51  Drone  
  196  19:52  Drone x4  
  200  20:11  Baneling  
  200  20:12  Baneling x15  
  200  20:13  Drone  
  200  20:14  Drone  
  189  20:18  Zergling x2  
  189  20:19  Zergling x18  
  199  20:25  Hatchery  
  192  20:31  Spine Crawler, Pathogen Glands  
  192  20:32  Spore Crawler  
  190  20:40  Zergling x2  
  190  20:41  Zergling x20  
  193  20:50  Zergling x10  
  193  20:51  Zergling x2  
  197  21:02  Zergling x2, Ultralisk  
  187  21:18  Zergling x28  
  196  21:28  Baneling x35  
  196  21:31  Zergling x12  
  186  21:44  Overseer x3  
  186  21:45  Overlord  
  186  21:47  Baneling x5  
  186  21:49  Zergling x2  
Show
View Real Time Build Order
Export as new Build Order

TIME Terran 

Build Orders: Liberator Opening, Reaper Expand 

Get SALT Encoding   

  12  0:00  SCV  
  13  0:12  SCV  
  14  0:17  Supply Depot  
  14  0:24  SCV  
  15  0:39  SCV  
  15  0:40  Barracks  
  16  0:44  Refinery  
  16  0:51  SCV  
  17  1:03  SCV  
  18  1:15  SCV  
  19  1:28  Reaper, Orbital Command  
  20  1:42  Command Center  
  20  1:50  Supply Depot  
  20  1:55  SCV  
  21  2:01  Marine  
  21  2:07  SCV  
  23  2:12  Factory  
  23  2:17  Refinery  
  23  2:19  SCV  
  23  2:20  Marine  
  25  2:31  SCV  
  26  2:43  Barracks Reactor, SCV  
  27  2:57  SCV  
  27  2:58  Orbital Command  
  28  2:59  Starport  
  28  3:09  SCV  
  29  3:13  Command Center  
  29  3:22  SCV  
  29  3:23  SCV  
  29  3:24  Barracks Tech Lab  
  29  3:26  Hellion  
  33  3:29  Hellion  
  35  3:34  SCV  
  35  3:36  SCV  
  35  3:39  Supply Depot  
  37  3:46  SCV  
  37  3:48  SCV  
  39  3:52  Liberator  
  42  3:56  Hellion  
  42  4:00  Hellion  
  42  4:01  SCV  
  47  4:03  SCV  
  47  4:05  Barracks Tech Lab  
  48  4:10  Supply Depot  
  48  4:14  SCV  
  48  4:15  SCV  
  50  4:26  Orbital Command  
  50  4:28  Stimpack, Barracks x2  
  50  4:30  SCV  
  51  4:33  SCV  
  52  4:43  Siege Tank  
  52  4:45  Marine  
  56  4:47  SCV x2  
  56  4:50  Engineering Bay x2  
  56  4:52  Starport Reactor  
  58  4:55  Refinery x2  
  58  5:02  SCV x2  
  58  5:03  SCV, Supply Depot  
  58  5:05  Marine  
  58  5:06  Orbital Command  
  62  5:18  Terran Infantry Weapons Level 1, Terran Infantry Armor Level 1  
  62  5:20  SCV, Marine x2  
  65  5:24  Barracks  
  65  5:25  Barracks  
  65  5:31  SCV  
  65  5:32  SCV  
  65  5:34  SCV  
  65  5:35  Starport Reactor, Marine  
  65  5:36  Marine  
  65  5:37  Siege Tank  
  65  5:40  Marine  
  71  5:43  SCV  
  71  5:44  SCV  
  71  5:45  Marine  
  71  5:46  SCV  
  71  5:47  Supply Depot, Marine  
  76  5:53  Supply Depot, Marine  
  76  5:55  SCV  
  76  5:56  SCV  
  79  5:57  Marine  
  79  6:00  SCV  
  79  6:01  Marine  
  79  6:04  Marine  
  83  6:05  Marine  
  83  6:07  SCV  
  83  6:08  SCV  
  83  6:10  Supply Depot  
  86  6:12  SCV, Medivac x2, Armory  
  86  6:13  Combat Shield  
  86  6:16  Supply Depot  
  86  6:18  Marine x2  
  93  6:19  SCV  
  93  6:21  SCV, Barracks Reactor  
  93  6:23  Barracks Reactor  
  93  6:24  Marine x2  
  97  6:28  SCV  
  97  6:32  SCV  
  99  6:33  SCV  
  99  6:38  Supply Depot, Marine x2  
  99  6:39  Siege Tank  
  105  6:40  Supply Depot  
  105  6:44  Marine  
  105  6:45  Marine  
  107  6:49  SCV x2  
  107  6:52  Refinery, Command Center  
  107  6:53  Medivac, Refinery  
  111  6:58  Marine  
  112  7:02  SCV, Marine x2  
  112  7:03  Marine x3  
  112  7:04  Medivac  
  120  7:16  Missile Turret  
  120  7:17  SCV x2  
  120  7:18  SCV, Marine x2  
  120  7:19  Marine  
  120  7:21  Siege Tank  
  129  7:25  Factory  
  129  7:27  Marine x2  
  129  7:29  Marine x2  
  133  7:35  SCV  
  125  7:43  Marine  
  125  7:44  Marine x4  
  110  7:45  Medivac x2, Marine  
  110  7:46  SCV  
  110  7:47  SCV x2, Marine  
  110  7:49  Drilling Claws, Marine x2  
  125  7:55  Supply Depot, Terran Infantry Weapons Level 2  
  125  8:01  Terran Infantry Armor Level 2, Marine  
  125  8:02  Marine  
  125  8:15  Marine  
  125  8:16  Marine  
  125  8:19  Thor  
  133  8:21  Factory Reactor, Barracks  
  133  8:22  Barracks x2  
  133  8:23  Marine  
  134  8:27  Marine  
  134  8:29  SCV x2  
  134  8:32  Planetary Fortress  
  137  8:34  Marine x2  
  137  8:36  Marine  
  137  8:37  SCV  
  141  8:42  Medivac  
  141  8:43  Marine x2, Sensor Tower  
  141  8:47  SCV, Missile Turret  
  141  8:48  SCV  
  147  8:49  Marine  
  147  8:50  Missile Turret  
  147  8:51  Supply Depot  
  147  8:53  SCV  
  147  8:54  Missile Turret  
  147  8:55  Marine  
  150  8:58  Marine x2  
  150  8:59  SCV  
  150  9:01  Widow Mine  
  155  9:04  Supply Depot  
  155  9:06  Supply Depot  
  155  9:10  Barracks Tech Lab  
  155  9:11  Barracks Tech Lab  
  155  9:12  Marine x2  
  155  9:13  Widow Mine  
  158  9:17  Marine x2  
  158  9:18  Marine  
  158  9:20  Supply Depot  
  158  9:21  Barracks Tech Lab  
  161  9:24  Missile Turret x2  
  161  9:27  Missile Turret, Marine  
  161  9:28  Terran Vehicle And Ship Armor Level 1  
  161  9:31  Marine  
  162  9:32  Marauder x3  
  162  9:33  Concussive Shells, Marine  
  162  9:36  Marine  
  171  9:40  Widow Mine  
  171  9:45  Supply Depot, Marauder  
  175  9:46  Command Center, Marine  
  175  9:50  Thor  
  175  9:52  Widow Mine  
  181  9:53  Marine x2  
  181  9:54  Marauder  
  185  10:00  Marauder  
  185  10:04  Missile Turret  
  185  10:05  Marine  
  185  10:06  Missile Turret, Marine  
  193  10:07  Marauder x2, Marine x2  
  193  10:08  Marine  
  196  10:19  Marauder  
  196  10:30  Sensor Tower  
  196  10:40  Marine x2  
  195  10:43  Marine  
  192  10:57  Terran Infantry Weapons Level 3, Marine x2, Terran Infantry Armor Level 3  
  192  10:58  Marauder x3, Marine x2  
  192  11:00  Marauder  
  192  11:03  Marine x4  
  178  11:15  Marine x2, Thor, Widow Mine x2  
  187  11:19  Medivac x2, Marine x3  
  184  11:26  Marine  
  184  11:27  Marine  
  184  11:28  Marauder  
  184  11:29  Marine x2  
  184  11:30  Marauder  
  166  11:35  Marauder, Marine x2  
  166  11:37  Marauder, Widow Mine, Marine x2  
  166  11:38  Widow Mine  
  166  11:39  SCV  
  159  11:44  Marine  
  159  11:45  Marine  
  161  11:49  Medivac, Marauder, Marine  
  161  11:51  Marauder  
  161  11:54  Marine x2  
  162  11:56  Medivac  
  153  12:03  Marine x3  
  153  12:04  Marauder x2  
  153  12:07  Marine x3  
  136  12:09  Planetary Fortress, Widow Mine x2  
  136  12:10  SCV x3, Marine  
  136  12:12  Marauder, Marine x2  
  147  12:17  SCV  
  148  12:22  SCV, Marine  
  148  12:23  Marine x2  
  148  12:29  Marauder x2, Marine x2  
  157  12:34  Missile Turret  
  157  12:36  Missile Turret, Marine x3  
  160  12:38  Missile Turret  
  160  12:39  Missile Turret, Marauder x2  
  160  12:40  Marine  
  160  12:41  Marine  
  164  12:46  Marine  
  164  12:47  Marine  
  164  12:48  SCV x2  
  164  12:50  Supply Depot  
  166  12:52  Marauder  
  166  12:54  Supply Depot, Marine x2  
  170  12:59  Marine x3  
  170  13:02  Marauder x2, Marine x2  
  170  13:04  Widow Mine  
  181  13:07  Terran Vehicle And Ship Armor Level 2  
  181  13:14  Marine x2  
  181  13:15  Marauder  
  181  13:16  Widow Mine  
  181  13:17  SCV  
  188  13:27  Marine  
  188  13:28  Marauder, Marine x3  
  188  13:30  Widow Mine, Thor  
  188  13:32  Medivac  
  194  13:42  Marine x3  
  194  13:43  Marauder  
  198  13:53  Marine  
  198  13:54  Marine  
  200  14:00  Command Center  
  200  14:21  Marine  
  199  14:28  Marine  
  199  14:29  Marauder  
  198  14:41  Marine x2  
  198  14:44  Marine x3  
  198  14:45  Marauder x2, Marine  
  196  14:46  Widow Mine x2  
  196  14:47  Medivac x2  
  196  14:49  Marine  
  179  14:53  Marine  
  179  14:54  Marine x2  
  179  14:59  Marine x2  
  166  15:02  Marine x4  
  166  15:06  Marauder x2  
  164  15:09  Marine, Barracks  
  164  15:10  Barracks  
  164  15:11  Barracks  
  156  15:15  Marine x2  
  156  15:16  Marauder  
  156  15:17  Medivac  
  156  15:21  Marine  
  162  15:22  Marine x2  
  162  15:23  Thor  
  162  15:24  Widow Mine x2  
  162  15:25  Medivac, Missile Turret  
  162  15:27  Marine  
  162  15:28  Marauder x2  
  181  15:30  Missile Turret  
  181  15:31  Missile Turret  
  181  15:32  Missile Turret  
  169  15:37  Marine x3  
  169  15:38  Marauder x2  
  169  15:41  Marine  
  139  15:44  Marine x2  
  139  15:45  Marine  
  139  15:47  Widow Mine  
  139  15:48  Planetary Fortress  
  134  15:51  Marine  
  134  15:53  Marauder, Marine  
  134  15:54  Medivac  
  134  15:55  Marine  
  134  15:56  Marine x2, Widow Mine  
  140  15:59  Marauder, Barracks Tech Lab x2  
  141  16:04  Barracks Tech Lab  
  141  16:05  Marine x2  
  141  16:06  Marauder  
  141  16:07  Missile Turret  
  141  16:08  Missile Turret  
  141  16:11  Marauder, Marine x3  
  146  16:12  Thor, Sensor Tower  
  146  16:13  Medivac, Widow Mine, Marine  
  146  16:15  Marauder  
  146  16:16  Command Center  
  163  16:20  Marauder  
  163  16:24  Marauder x2, Marine x3  
  172  16:28  Marine x2  
  172  16:29  Marauder  
  172  16:30  Widow Mine  
  178  16:33  Medivac, Marine  
  178  16:35  Marauder, Marine  
  178  16:36  Marauder, Marine x2  
  188  16:42  Marine x2  
  188  16:43  Marauder  
  188  16:46  Marauder  
  192  16:56  Marauder x2, Marine  
  192  16:57  Marine x2  
  192  16:58  Marauder  
  192  16:59  Marine  
  192  17:00  Marauder  
  192  17:01  Widow Mine  
  189  17:09  Marauder, Marine x2  
  193  17:17  Marine x2  
  193  17:19  Widow Mine  
  193  17:20  Medivac  
  193  17:24  Marauder, Marine x2  
  193  17:26  Marauder x3  
  193  17:28  Marauder, Missile Turret  
  193  17:29  Ghost Academy  
  199  17:30  Missile Turret  
  199  17:34  Marine  
  200  17:41  Command Center  
  200  18:11  Ghost x2  
  178  18:13  Ghost x3  
  178  18:14  Ghost  
  178  18:15  Ghost  
  178  18:18  Medivac  
  180  18:21  Unknown  
  180  18:22  Widow Mine x2  
  184  18:27  Unknown  
  184  18:33  Widow Mine  
  186  18:40  Ghost  
  188  18:43  Widow Mine  
  182  18:48  Ghost  
  182  18:52  Ghost  
  179  18:55  Refinery x2  
  179  18:57  Marine  
  179  19:02  Refinery x2, Ghost, Missile Turret  
  182  19:04  Missile Turret  
  182  19:11  Ghost  
  182  19:12  Missile Turret  
  180  19:19  Ghost  
  180  19:22  Ghost  
  184  19:25  Widow Mine  
  184  19:31  Marine  
  174  19:34  SCV, Ghost  
  174  19:37  Marine  
  163  19:41  Marauder, Marine x3  
  163  19:42  Marine  
  163  19:44  Widow Mine x2  
  149  19:46  Marine x2  
  149  19:51  Marine  
  149  19:52  Marauder  
  150  19:53  Marine  
  150  19:57  Marine x2  
  150  19:58  Marauder  
  150  19:59  Planetary Fortress, Marine x2  
  151  20:00  SCV  
  151  20:02  Missile Turret  
  151  20:03  Marauder  
  151  20:04  Command Center  
  151  20:06  Marauder, Marine x2  
  146  20:08  Command Center, Widow Mine x2  
  146  20:09  Medivac  
  146  20:10  Marine x2  
  146  20:11  Marauder  
  146  20:14  Marauder  
  150  20:15  Marine  
  150  20:17  SCV x3  
  154  20:21  Ghost  
  154  20:22  Marine x2  
  154  20:23  Marine  
  154  20:24  Barracks Tech Lab  
  154  20:26  Marine  
  160  20:29  Widow Mine x2  
  160  20:31  Marauder  
  166  20:39  Marauder x2  
  166  20:40  Widow Mine  
  172  20:43  Marine x2  
  172  20:45  Marauder  
  172  20:49  Marine x2  
  178  20:50  Widow Mine  
  176  21:02  Marine x2  
  176  21:03  Marauder  
  172  21:17  Marauder  
  162  21:20  Marine  
  162  21:21  Marauder, Marine x3  
  162  21:24  Marine x2  
  155  21:26  SCV x4  
  155  21:27  Marauder, Marine x2  
  156  21:40  Marauder, Marine x2  
  156  21:41  Marine  
  156  21:42  Marine x2  
  156  21:43  Marine  
  156  21:46  SCV  
  153  21:47  SCV  
  153  21:50  Marine x2  

Tags
 
Add a new tag
Caveats
  • Supply blocks, unpowered buildings, or Contaminate may cause inaccurate times.
  • Supply counts are checked every 10 seconds.